Map: Kairos Junction LE

Players

Zanster - Winner!

  • Race: Zerg Zerg
  • Spawn Location: 11:00

InZaNe

  • Race: Terran Terran
  • Spawn Location: 5:00

Event: 2019 WCS Spring

VOD

Have the link to the VOD?

Description

Time

  • Played on: May 17, 2019, 3:04 p.m.
  • Length: 12:44

All games in this series

Show
View Real Time Build Order
Export as new Build Order

Zanster Zerg - Winner!

Build Orders: Pool First, Muta Ling Bane 

Get SALT Encoding   

  12  0:00  Drone  
  13  0:13  Overlord  
  13  0:16  Drone  
  14  0:31  Drone x2  
  16  0:36  Drone  
  16  0:42  Extractor  
  16  0:45  Drone  
  17  0:51  Spawning Pool  
  16  0:57  Drone  
  17  1:07  Drone  
  18  1:19  Hatchery  
  18  1:22  Drone  
  18  1:39  Queen  
  18  1:40  Zergling x4  
  22  1:48  Metabolic Boost  
  22  1:54  Overlord  
  22  2:13  Drone x2  
  22  2:15  Queen  
  26  2:23  Drone  
  27  2:32  Queen, Drone  
  27  2:35  Drone  
  31  2:43  Drone  
  31  2:44  Drone  
  33  2:50  Drone  
  33  2:51  Drone x2  
  36  2:54  Overlord  
  36  3:07  Hatchery  
  36  3:08  Drone  
  36  3:12  Drone  
  37  3:17  Drone x2  
  39  3:20  Drone  
  39  3:24  Drone  
  39  3:25  Drone  
  39  3:26  Drone x2  
  44  3:33  Overlord  
  43  3:39  Lair  
  43  3:49  Overlord  
  43  3:51  Queen  
  43  3:53  Extractor, Drone x5  
  49  3:58  Zergling x2  
  49  3:59  Zergling x2  
  49  4:01  Overlord  
  51  4:06  Zergling x2  
  51  4:14  Drone x5  
  56  4:17  Drone  
  56  4:21  Drone  
  56  4:22  Queen, Baneling Nest  
  59  4:26  Drone x2  
  61  4:31  Queen  
  61  4:32  Drone  
  64  4:39  Zergling x2  
  64  4:40  Overseer, Zergling x4  
  66  4:49  Drone x7  
  66  4:51  Drone x2  
  73  4:54  Overseer  
  73  4:59  Overlord  
  73  5:01  Drone  
  73  5:05  Drone  
  74  5:10  Overlord  
  74  5:15  Overlord  
  74  5:16  Extractor, Spire  
  74  5:17  Drone x4  
  74  5:18  Extractor  
  74  5:19  Extractor  
  74  5:20  Extractor  
  73  5:21  Drone  
  73  5:22  Drone x4  
  73  5:25  Drone  
  79  5:30  Drone  
  79  5:31  Evolution Chamber, Drone  
  79  5:33  Evolution Chamber  
  79  5:36  Drone  
  79  5:41  Drone x4  
  83  5:47  Centrifical Hooks  
  84  5:50  Zergling x10  
  84  5:51  Hatchery  
  84  5:55  Drone  
  84  5:56  Overlord  
  89  5:57  Zergling x2  
  89  6:05  Zergling x6  
  92  6:11  Zerg Melee Weapons Level 1, Zerg Ground Armor Level 1  
  92  6:12  Drone  
  92  6:15  Zergling x8  
  92  6:18  Baneling x6  
  96  6:19  Hatchery  
  96  6:21  Zergling x4  
  96  6:23  Zergling x4  
  96  6:24  Zergling x2  
  98  6:28  Zergling x2  
  98  6:29  Zergling x4  
  101  6:33  Overlord  
  101  6:36  Overlord  
  101  6:37  Overlord  
  101  6:47  Overlord x2  
  101  6:56  Mutalisk  
  101  6:57  Mutalisk x6  
  115  7:01  Mutalisk  
  115  7:05  Overlord  
  115  7:07  Zergling x10  
  122  7:13  Mutalisk x2  
  126  7:20  Overlord  
  126  7:26  Baneling x5  
  126  7:28  Zergling x6  
  126  7:29  Zergling x12  
  134  7:44  Drone  
  134  7:45  Drone x8  
  134  7:49  Hatchery  
  142  7:52  Zerg Flyer Weapons Level 1  
  142  7:55  Drone  
  142  7:56  Drone x5  
  148  7:58  Infestation Pit  
  148  8:05  Overlord  
  146  8:07  Zerg Melee Weapons Level 2  
  146  8:08  Zerg Ground Armor Level 2  
  146  8:14  Zergling x10  
  146  8:16  Overlord  
  149  8:22  Overlord  
  149  8:28  Mutalisk x5  
  149  8:30  Overlord, Drone  
  161  8:34  Drone x3  
  161  8:37  Overlord  
  162  8:44  Zergling x2  
  162  8:45  Zergling x16  
  171  8:49  Zergling x2  
  171  8:52  Mutalisk  
  171  8:55  Mutalisk x3  
  174  9:00  Zergling x4  
  174  9:01  Zergling x14  
  188  9:08  Hive  
  188  9:09  Overlord  
  188  9:11  Zergling x4  
  188  9:12  Extractor  
  188  9:15  Zergling x8  
  193  9:20  Zergling x2  
  193  9:21  Baneling  
  193  9:22  Baneling x7  
  194  9:25  Pneumatized Carapace  
  194  9:26  Zergling x2  
  194  9:27  Zergling x6  
  194  9:29  Baneling x6  
  199  9:31  Zergling x2  
  199  9:37  Zergling x2  
  200  9:46  Zerg Flyer Armor Level 1  
  200  9:50  Baneling x8  
  193  10:06  Zergling x28  
  193  10:07  Zergling x2  
  191  10:16  Mutalisk x4  
  189  10:22  Overlord  
  189  10:27  Zergling x14  
  184  10:29  Extractor  
  184  10:32  Extractor  
  184  10:33  Adrenal Glands  
  184  10:35  Hatchery, Zergling x6  
  172  10:48  Zergling x8  
  172  10:49  Zergling x4  
  174  10:55  Zergling x4  
  176  10:57  Baneling x2  
  176  10:58  Baneling x3  
  176  11:02  Baneling x10  
  176  11:03  Hatchery  
  175  11:04  Zergling x8  
  175  11:10  Zergling x2  
  175  11:11  Zergling x18  
  176  11:12  Baneling  
  176  11:13  Baneling x6  
  172  11:19  Zergling x2  
  172  11:20  Zergling x4  
  162  11:29  Zergling x14  
  121  11:37  Zergling x8  
  121  11:39  Baneling x2  
  113  11:40  Baneling x5  
  113  11:42  Zergling x2  
  113  11:43  Zergling x6  
  116  11:54  Zergling x10  
  117  11:55  Baneling x10  
  121  12:02  Overseer x2  
  121  12:04  Zergling x18  
  121  12:06  Baneling  
  121  12:07  Baneling x9  
  121  12:08  Zergling x4  
  129  12:15  Zergling x8  
  120  12:20  Zergling x4  
  115  12:23  Zergling x2  
  109  12:36  Ultralisk Cavern  
Show
View Real Time Build Order
Export as new Build Order

InZaNe Terran 

Build Orders: Reaper Expand 

Get SALT Encoding   

  12  0:00  SCV  
  13  0:13  SCV  
  14  0:17  Supply Depot  
  14  0:25  SCV  
  15  0:39  SCV  
  15  0:40  Barracks  
  16  0:44  Refinery  
  16  0:51  SCV  
  17  1:03  SCV  
  18  1:15  SCV  
  19  1:27  Orbital Command  
  19  1:28  Reaper  
  20  1:40  Command Center  
  20  1:51  Supply Depot  
  20  1:52  SCV  
  21  2:00  Marine  
  22  2:04  SCV  
  22  2:12  Factory  
  22  2:16  SCV  
  22  2:21  Barracks Reactor  
  23  2:29  SCV  
  24  2:41  Command Center  
  24  2:42  SCV  
  25  2:53  Orbital Command  
  25  3:03  Barracks Tech Lab  
  27  3:06  Hellion x2  
  27  3:08  SCV  
  29  3:19  SCV  
  30  3:20  SCV  
  30  3:21  Marine  
  30  3:22  Stimpack  
  34  3:27  Hellion  
  34  3:31  Hellion  
  34  3:32  SCV  
  34  3:33  SCV  
  38  3:41  Marine  
  38  3:44  SCV  
  38  3:45  SCV  
  41  3:48  Starport  
  41  3:54  Orbital Command  
  41  3:56  SCV  
  41  3:57  SCV  
  41  3:58  Refinery  
  42  4:08  SCV, Factory Reactor  
  42  4:11  SCV  
  42  4:12  Marine  
  42  4:13  Barracks x2  
  44  4:20  SCV  
  44  4:23  SCV x2  
  47  4:28  Refinery  
  47  4:30  Starport Reactor, Marine  
  48  4:32  SCV  
  48  4:34  Refinery  
  48  4:35  SCV x2  
  51  4:42  Supply Depot  
  51  4:44  SCV  
  50  4:48  Marine  
  49  4:53  SCV x2  
  49  4:57  SCV  
  49  4:59  Engineering Bay  
  52  5:00  Engineering Bay  
  52  5:02  Marine x2  
  52  5:03  Factory Tech Lab  
  52  5:05  SCV x2  
  52  5:06  Marine  
  53  5:09  SCV, Marine x2  
  56  5:14  Supply Depot  
  56  5:16  Medivac  
  56  5:17  SCV, Medivac  
  56  5:21  Marine x2  
  62  5:26  Terran Infantry Weapons Level 1  
  66  5:28  Marine x2  
  66  5:29  Marine  
  66  5:30  Terran Infantry Armor Level 1  
  66  5:31  Orbital Command  
  66  5:33  Combat Shield  
  66  5:34  SCV x2  
  68  5:38  Marine  
  69  5:44  Marine  
  69  5:46  SCV x2, Siege Tank  
  69  5:48  Marine x2  
  77  6:00  Liberator  
  77  6:01  Supply Depot  
  77  6:02  Marine, Supply Depot  
  77  6:03  SCV x3  
  81  6:04  Marine x2  
  81  6:09  Marine x2  
  85  6:16  SCV  
  85  6:17  SCV x2, Medivac  
  92  6:23  Marine  
  92  6:24  Siege Tank  
  96  6:28  Marine x2  
  96  6:29  SCV x3, Marine x2  
  103  6:40  Marine  
  103  6:41  SCV x2  
  103  6:46  SCV, Marine  
  107  6:48  Barracks  
  107  6:49  Barracks  
  107  6:52  Marine x2  
  107  6:53  SCV  
  109  6:58  Armory  
  109  6:59  Supply Depot  
  109  7:00  Supply Depot  
  109  7:01  Supply Depot  
  109  7:07  Refinery  
  109  7:08  Factory  
  109  7:09  Refinery  
  109  7:18  SCV x3, Marine  
  109  7:19  Siege Tank  
  109  7:20  Medivac x2, Marine  
  109  7:22  Marauder  
  123  7:28  Marine x2  
  125  7:30  SCV  
  125  7:35  Marine  
  122  7:38  Marine  
  122  7:39  Barracks Reactor  
  122  7:40  Missile Turret x2, Barracks Reactor  
  122  7:41  Missile Turret  
  120  7:47  Terran Vehicle Weapons Level 1  
  120  7:49  Marine x2  
  129  7:54  Factory Reactor  
  129  7:56  Marine  
  131  7:59  SCV x3  
  131  8:01  Sensor Tower  
  132  8:06  Missile Turret  
  132  8:10  Terran Infantry Weapons Level 2, Terran Infantry Armor Level 2, Marine  
  132  8:11  Marine x3  
  128  8:14  Marine  
  128  8:15  Supply Depot, Marine x3  
  128  8:18  Supply Depot  
  132  8:21  Marine  
  132  8:25  Widow Mine  
  132  8:26  Drilling Claws  
  135  8:28  Marine  
  135  8:29  Marine  
  135  8:32  Widow Mine x2  
  141  8:35  Supply Depot  
  141  8:36  Supply Depot  
  141  8:37  Marauder  
  141  8:40  Medivac x2  
  141  8:41  Marine  
  148  8:43  Marine  
  148  8:44  Marine x4  
  148  8:46  Marine x2  
  153  8:56  Thor  
  153  8:57  Widow Mine x2  
  160  9:08  Marine  
  160  9:09  Marine x5  
  168  9:10  Marine x3  
  169  9:18  Medivac x2  
  169  9:20  Widow Mine  
  169  9:21  Widow Mine  
  177  9:24  Supply Depot  
  177  9:27  Marine x5  
  177  9:28  Marauder  
  184  9:38  Marine  
  184  9:39  Marine  
  184  9:40  Marine  
  184  9:44  Widow Mine x2  
  184  9:45  Marine  
  189  9:50  Marauder  
  192  9:55  Marine  
  192  9:59  Marine  
  189  10:03  SCV x3  
  166  10:11  Marauder  
  166  10:12  Marine  
  154  10:15  SCV  
  154  10:16  SCV x2  
  150  10:27  SCV  
  150  10:28  SCV x2  
  146  10:34  Thor, Widow Mine  
  146  10:35  Widow Mine  
  155  10:40  SCV x3  
  155  10:42  Marauder  
  159  10:45  Missile Turret  
  159  10:49  Marine  
  158  10:52  SCV  
  158  10:56  Widow Mine  
  158  11:02  Marine  
  158  11:03  Marine x4  
  158  11:04  Marauder  
  132  11:14  Marine x3  
  132  11:17  Thor  
  141  11:20  Marine  
  141  11:21  Marine  
  141  11:25  Marauder  
  143  11:26  Marine x2  
  111  11:33  Marine  
  86  11:40  Marine  
  86  11:41  Marine x4  
  86  11:44  Marine  
  86  11:47  Marine  
  86  11:49  Marine  
  86  11:51  Marine  
  89  11:58  Marine x2  
  89  12:01  Marine x3  
  91  12:08  Orbital Command  
  94  12:14  Marine  
  94  12:15  Marauder  
  82  12:16  Marine  
  82  12:18  Marine  
  82  12:21  Marine  
Tags
 
Add a new tag
Caveats
  • Supply blocks, unpowered buildings, or Contaminate may cause inaccurate times.
  • Supply counts are checked every 10 seconds.